 Dungeon Sprint DCSS version 0.27-a0-1137-g3ef0f4ec91 (webtiles) character file.

Game seed: 2458158602470509154

89 Scarexists the Covered (level 4, -1/39 HPs)
             Began as a Human Fighter on May 6, 2021.
             Slain by a black bear (4 damage)
             ... in the Dungeon (Sprint IX: "|||||||||||||||||||||||||||||").
             The game lasted 00:00:25 (166 turns).

Scarexists the Covered (Human Fighter)               Turns: 166, Time: 00:00:25

Health: -1/39      AC:  7    Str: 17    XL:     4   Next: 84%
Magic:  4/4        EV:  7    Int:  9    God:
Gold:   0          SH:  9    Dex: 12    Spells: 3/3 levels left

rFire    . . .     SeeInvis .   a - +0 long sword
rCold    . . .     Faith    .   c - +0 kite shield
rNeg     . . .     Spirit   .   b - +0 scale mail
rPois    .         Reflect  .   (no helmet)
rElec    .         Harm     .   (no cloak)
rCorr    .         Rampage  .   (no gloves)
Will     .....     NoTele   +   (no boots)
Stlth    ..........             (no amulet)
HPRegen  0.13/turn              (no ring)
MPRegen  0.09/turn              (no ring)

@: mighty
A: no striking features
a: no special abilities


You were in the Dungeon.
You visited 1 branch

Inventory:

Hand Weapons
 a - a +0 long sword (weapon)
Armour
 b - a +0 scale mail (worn)
 c - a +0 kite shield (worn)
Scrolls
 j - a scroll of blinking
Potions
 e - a potion of curing
 f - a potion of heal wounds
 g - a potion of haste
 h - 2 potions of magic
 i - a potion of berserk rage


   Skills:
 + Level 5.4 Fighting
 + Level 3.6 Long Blades
 + Level 5.7 Armour
 + Level 5.2 Shields


You had 3 spell levels left.
You didn't know any spells.
Your spell library was empty.

Dungeon Overview and Level Annotations

Branches:
Dungeon (1/1)

Altars:


Message History

The iguana bites you but does no damage.
You barely miss the iguana.
The iguana is heavily wounded.
The iguana completely misses you.
You riposte.
You closely miss the iguana.
The iguana is heavily wounded.
The iguana bites you.
You slash the iguana!
You kill the iguana!
You block the jackal's attack.
Your Shields skill increases to level 5!
You slash the jackal!
You kill the jackal!
You closely miss the black bear. You block the black bear's attack.
The black bear claws you. The black bear barely misses you.
You block the black bear's attack. The black bear claws you.
The black bear claws you but does no damage.
You slash the black bear!
The black bear is heavily wounded.
You block the black bear's attack. x3
You closely miss the black bear.
The black bear is heavily wounded.
The black bear bites you.
The black bear claws you but does no damage. x2
The black bear bites you but does no damage.
The black bear claws you but does no damage. x2
You slash the black bear!
The black bear is severely wounded.
The black bear bites you.
The black bear claws you but does no damage. x2
You slash the black bear!
The black bear is almost dead.
The black bear bites you.
* * * LOW HITPOINT WARNING * * *
The black bear closely misses you. You block the black bear's attack.
You barely miss the black bear.
The black bear is almost dead.
The black bear goes berserk!
The black bear bites you.
* * * LOW HITPOINT WARNING * * *
The black bear claws you.
You die...

▓.▓
▓.▓
▓†▓
▓.▓
▓.▓
▓.▓
▓.▓
▓.▓
▓@▓
▓h▓
▓.▓
▓.▓
▓.▓
▓.▓
▓+▓


You could see a black bear (berserk).

Vanquished Creatures
  2 jellies (D)
  An iguana (D)
  An endoplasm (D)
  A giant cockroach (D)
  2 hobgoblins (D)
  A jackal (D)
  A ball python (D)
9 creatures vanquished.

Notes
Turn   | Place    | Note
-------+----------+-------------------------------------------
     0 | D        | Scarexists the Human Fighter began the quest for the Orb.
     0 | D        | Reached XP level 1. HP: 18/18 MP: 1/1
     6 | D        | Banished a spatial maelstrom
    18 | D        | Reached XP level 2. HP: 13/24 MP: 2/2
   151 | D        | Noticed a black bear
   154 | D        | Reached XP level 3. HP: 27/31 MP: 3/3
   155 | D        | Reached skill level 5 in Fighting
   155 | D        | Reached skill level 5 in Armour
   155 | D        | Reached XP level 4. HP: 32/39 MP: 4/4
   160 | D        | Reached skill level 5 in Shields
   166 | D        | Slain by a black bear

Illustrated notes

Levels and vault maps discovered:
D:        linesprint [early_d, line_temple, items_1, d_10, items_2, lair_1,
          lair_end, items_3, orc_1, orc_end, items_4, d_15, swamp_1, shoals_1,
          snake_1, spider_1, d_20, vaults_1, items_5, swamp_end, shoals_end,
          snake_end, spider_end, vaults_end, d_27, items_6, zot_1, zot_end,
          crypt_end, forest_end, elf_end, slime_end, tomb_end, abyss_end,
          pan_hell_end]

Skill      XL: |  1  2  3  4 |
---------------+-------------+-----
Fighting       | 4 5 |  5.4
Armour         | 4 5 |  5.7
Shields        | 4 5 |  5.2
Long Blades    | 3 |  3.6

Action                   |  1- 3 |  4- 6 || total
-------------------------+-------+-------++-------
Melee: Long sword        |    17 |    11 ||    28
  Use: Potion            |     1 |       ||     1
Armor: Scale mail        |     6 |     9 ||    15
Dodge: Dodged            |     4 |     3 ||     7
Block: Kite shield       |     7 |     9 ||    16
       Rpst.: Long sword |     1 |     1 ||     2

Table legend: (Time is in decaauts)
 A = Elapsed time spent in this place.
 B = Non-inter-level travel time spent in this place.
 C = Inter-level travel time spent in this place.
 D = Time resting spent in this place.
 E = Time spent auto-exploring this place.
 F = Levels seen in this place.
 G = Mean time per level.
                   A        B        C        D        E       F      G
               +--------+--------+--------+--------+--------+-----+--------+
         Total |    178 |    178 |      0 |      0 |    126 |   1 |  178.0 |
       Dungeon |    178 |    178 |      0 |      0 |    126 |   1 |  178.0 |
               +--------+--------+--------+--------+--------+-----+--------+

Top non-repeatable levels by time:
       D: 178 daAuts
